 Dungeon Crawl Stone Soup version 0.29.0-7-g18a832c13a (webtiles) character file.

Game seed: 18154578778465637021

4 luckeboy the Chopper (level 1, 0/20 HPs)
             Began as a Hill Orc Berserker on Sept 1, 2022.
             Was a Follower of Trog.
             Slain by a kobold
             ... wielding a +0 dagger
              (3 damage)
             ... on level 1 of the Dungeon.
             The game lasted 00:01:05 (300 turns).

luckeboy the Chopper (Hill Orc Berserker)            Turns: 300, Time: 00:01:06

Health: 0/20       AC:  2    Str: 19    XL:     1   Next: 60%
Magic:  1/1        EV: 12    Int:  7    God:    Trog [*.....]
Gold:   4          SH:  0    Dex: 10    Spells: 0/0 levels left

rFire   . . .      SeeInvis .   a - +0 hand axe
rCold   . . .      Faith    .   (no shield)
rNeg    . . .      Spirit   .   b - +0 animal skin
rPois   .          Reflect  .   (no helmet)
rElec   .          Harm     .   (no cloak)
rCorr   .          Rampage  .   (no gloves)
Will    .....                   (no boots)
Stlth   +.........              (no amulet)
HPRegen 0.06/turn               (no ring)
MPRegen 0.07/turn               (no ring)

@: no status effects
A: no striking features
a: Renounce Religion, Berserk


You were on level 1 of the Dungeon.
You worshipped Trog.
Trog was aware of your devotion.
You visited 1 branch of the dungeon, and saw 1 of its levels.

You collected 4 gold pieces.

Inventory:

Hand Weapons
 a - a +0 hand axe (weapon)
Armour
 b - a +0 animal skin (worn)
Potions
 c - a potion of might {unknown}
 d - a potion of mutation {unknown}


   Skills:
 + Level 3.8 Fighting
 + Level 4.1 Axes
 + Level 2.2 Armour
 + Level 1.6 Dodging


You couldn't memorise any spells.
You didn't know any spells.
Your spell library was empty.

Dungeon Overview and Level Annotations

Branches:
Dungeon (1/15)

Altars:


Message History

d - an emerald potion
Found 9 stones.
Found a stone staircase leading down.
There is an escape hatch in the floor here.
You open the door.
There is an open door here.
There is an escape hatch in the floor here.
A rat comes into view.
Found 3 stones.
A kobold and an endoplasm come into view.
The kobold shouts!
The endoplasm quivers.
The rat barely misses you.
Found a ring mail and a pair of gloves.
The rat bites you. The kobold hits you with a +0 dagger.
The kobold attacks as you move away! The kobold hits you with a +0 dagger.
The endoplasm hits you. The endoplasm attacks as you move away!
The endoplasm completely misses you. The rat attacks as you move away!
The rat bites you. The endoplasm attacks as you move away!
The endoplasm hits you. The endoplasm attacks as you move away!
The endoplasm barely misses you. The rat attacks as you move away!
The rat closely misses you. The endoplasm attacks as you move away!
The endoplasm closely misses you.
Found a murky yellow potion.
The rat barely misses you. The rat attacks as you move away!
The rat closely misses you. The kobold completely misses you.
The endoplasm attacks as you move away!
The endoplasm hits you but does no damage.
Found 14 gold pieces.
The kobold attacks as you move away! The kobold closely misses you.
The endoplasm attacks as you move away! The endoplasm hits you.
The rat attacks as you move away! The rat bites you but does no damage.
The endoplasm attacks as you move away! The endoplasm closely misses you.
The rat bites you. The endoplasm closely misses you.
The endoplasm closely misses you. The kobold attacks as you move away!
The kobold closely misses you. The rat completely misses you.
The kobold hits you with a +0 dagger.
* * * LOW HITPOINT WARNING * * *
The endoplasm attacks as you move away! The endoplasm closely misses you.
Found 4 stones.
The kobold hits you with a +0 dagger.
You die...

....#...........
..........###.#. .####
...........##... ....
..(................. #
..##...†...####.#..# ..
#8##.......# #.#.$# ...
.....(#########.#..#....
..#...# #............(..
..#...# #...!...@.#
..#...# #......KrJ#
..#...# #.........#
#8##..# #.........#
..#...###.........#
........[........##
#####......[.....#
######...........#
..............####


You could see an endoplasm, a kobold and a rat.

Vanquished Creatures
  A ball python (D:1)
  2 endoplasms (D:1)
3 creatures vanquished.

Notes
Turn   | Place    | Note
-------+----------+-------------------------------------------
     0 | D:1      | luckeboy the Hill Orc Berserker began the quest for the
                  | Orb.
     0 | D:1      | Reached XP level 1. HP: 19/19 MP: 1/1
   300 | D:1      | Slain by a kobold

Illustrated notes

Levels and vault maps discovered:
D:1:      scummos_arrival_simple_crosswalls, layout_basic, minmay_pentomino_v2

Action                   || total
-------------------------++-------
Melee: Hand axe          ||     6
Armor: Animal skin       ||     2
Dodge: Dodged            ||    22
